 Dungeon Crawl Stone Soup version 0.18.1-48-g4cf74bf (webtiles) character file.

410 Heedrag the Thaumaturge (level 6, -8/32 HPs)
             Began as a Deep Elf Conjurer on July 24, 2016.
             Was an Initiate of Vehumet.
             Killed by divine providence
             ... invoked by an orc priest
              (12 damage)
             ... on level 5 of the Dungeon.
             The game lasted 00:08:33 (3334 turns).

Heedrag the Thaumaturge (Deep Elf Conjurer)         Turns: 3334, Time: 00:08:34

Health: -8/32      AC:  2    Str:  7    XL:     6   Next: 58%
Magic:  29/29      EV: 13    Int: 20    God:    Vehumet [......]
Gold:   171        SH:  0    Dex: 15    Spells: 3 memorised, 15 levels left

rFire  . . .     SeeInvis .     u - +0 dagger
rCold  . . .     Gourm    .     a - +0 robe
rNeg   . . .     Faith    .     (no shield)
rPois  .         Spirit   .     (no helmet)
rElec  .         Dismiss  .     (no cloak)
rCorr  .         Reflect  .     (no gloves)
SustAt +         Harm     .     (no boots)
MR     .....                    (no amulet)
Stlth  ++........               y - ring of sustain attributes
                                g - ring of magical power

@: not resistant to hostile enchantments, unstealthy
A: no striking features
a: Renounce Religion


You were on level 5 of the Dungeon.
You worshipped Vehumet.
Vehumet was noncommittal.
You were not hungry.

You visited 2 branches of the dungeon, and saw 6 of its levels.

You collected 231 gold pieces.
You spent 60 gold pieces at shops.

Inventory:

Hand Weapons
 u - a +0 dagger (weapon)
Armour
 a - a +0 robe (worn)
Jewellery
 g - a ring of magical power (left hand)
 w - an uncursed ring of sustain attributes
 y - a ring of sustain attributes (right hand)
Wands
 o - a wand of lightning (5/15)
 q - a wand of paralysis (9/24)
Scrolls
 d - 2 scrolls of amnesia {unknown}
 f - 4 scrolls of remove curse
 j - 2 scrolls of recharging {unknown}
 l - a scroll of immolation {unknown}
 n - 4 scrolls of identify {unknown}
 p - a scroll of fog {unknown}
 v - 4 scrolls of teleportation
 A - a scroll of enchant weapon {unknown}
Potions
 e - 2 potions of lignification {unknown}
 h - 4 potions of curing {unknown}
 i - 3 potions of brilliance {unknown}
 k - a potion of magic {unknown}
 r - 2 potions of ambrosia {unknown}
 s - 3 potions of berserk rage {unknown}
 t - a potion of haste {unknown}
Books
 b - a book of Conjurations

   Spells                             Type                      Level
   a - Magic Dart                     Conjuration                  1
   b - Searing Ray                    Conjuration                  2
   c - Dazzling Spray                 Conjuration/Hexes            3
   d - Fulminant Prism                Conjuration/Hexes            4
   e - Iskenderun's Mystic Blast      Conjuration                  4
   f - Iskenderun's Battlesphere      Conjuration/Charms           5
 z - a Fen Folio

   Spells                             Type                      Level
   a - Corpse Rot                     Necromancy                   2
   b - Stone Arrow                    Conjuration/Earth            3
   c - Leda's Liquefaction            Hexes/Earth                  4
   d - Summon Forest                  Summoning/Translocation      5
   e - Hydra Form                     Transmutation                6
   f - Summon Hydra                   Summoning                    7
Comestibles
 c - 4 bread rations
 m - a slice of pizza
 x - 2 meat rations


   Skills:
 - Level 2.4 Dodging
 - Level 2.4 Stealth
 * Level 9.4 Spellcasting
 - Level 4.3 Conjurations


You had 15 spell levels left.
You knew the following spells:

 Your Spells              Type           Power        Failure   Level  Hunger
a - Magic Dart            Conj           ####         1%          1    None
b - Dazzling Spray        Conj/Hex       ###...       10%         3    None
c - Iskenderun's Mystic   Conj           ####....     14%         4    ###....


Dungeon Overview and Level Annotations

Branches:
Dungeon (5/15)             Temple (1/1) D:5

Altars:
Ashenzari
Cheibriados
Dithmenos
Elyvilon
Fedhas
Gozag
Kikubaaqudgha
Makhleb
Nemelex Xobeh
Okawaru
Pakellas
Qazlal
Ru
Sif Muna
Trog
Vehumet
Xom
Yredelemnul
Zin
The Shining One

Shops:
D:4 ?

Annotations:
D:3 Reyan's ghost, amateur TrMo


Message History

Thar be a staircase back ta tha Dungeon 'ere.
Ye climb upwards.
Welcome back ta tha Dungeon!
Thar be a staircase ta tha Ecumenical Temple 'ere.
Magic restored.
An orc comes inta view.
It be wieldin' a mornin'star.
Tha orc moves outta view. 2 orc priests come inta view.
Tha orc priest shouts!
Tha orc priest mumbles some strange prayers ta Beogh against ye.
Beogh smites ye!
* * * LOW HITPOINT WARNIN'
* * * An orc comes inta view.
It be wieldin' a war axe.
Thar be monsters nearby!
Tha orc priest mumbles some strange prayers ta Beogh against ye.
Beogh smites ye!
* * * LOW HITPOINT WARNIN'
* * * Tha orc priest shouts!
Tha orc priest mumbles some strange prayers ta Beogh against ye.
Beogh smites ye!
Ye die...

###.............[....#...#
#.................<...##
#.......##.......#.##.#
#.#...####.......#....#
#.#...####.......######
....#............# .
##.#............#
..#..).........#
#######@...### #....#
#....# #....### #......#
.....oo.# #....#.#
.....o..# ####..o#
..o.....# #.⌠.# ........#
####...####


You could see an orc priest.

Vanquished Creatures
  An ice beast (D:5)
  2 hounds (D:4)
  4 worker ants
  A killer bee zombie (D:5)
  3 adders
  2 oozes
  2 worms (D:2)
  3 dart slugs
  5 giant geckos
  4 orcs
  3 giant cockroaches
  15 goblins
  7 hobgoblins
  2 jackals (D:2)
  6 kobolds
  2 quokkas (D:3)
  6 bats
  5 giant newts
  A jackal skeleton (D:5)
  8 rats
82 creatures vanquished.

Vanquished Creatures (others)
  A wizard (D:3)
1 creature vanquished.

Grand Total: 83 creatures vanquished

Notes
Turn   | Place    | Note
--------------------------------------------------------------
     0 | D:1      | Heedrag the Deep Elf Conjurer began the quest for the Orb.
     0 | D:1      | Reached XP level 1. HP: 10/10 MP: 6/6
   256 | D:1      | Reached skill level 4 in Spellcasting
   256 | D:1      | Reached XP level 2. HP: 14/15 MP: 9/9
   436 | D:1      | Reached XP level 3. HP: 19/19 MP: 11/11
   441 | D:1      | Learned a level 3 spell: Dazzling Spray
   599 | D:1      | Reached skill level 5 in Spellcasting
  1020 | D:2      | Reached XP level 4. HP: 24/24 MP: 7/13
  1062 | D:2      | Reached skill level 6 in Spellcasting
  1553 | D:3      | Noticed Reyan's ghost (amateur TrMo)
  1667 | D:3      | Found a sacrificial altar of Ru.
  1848 | D:3      | Found a bloodstained altar of Trog.
  1849 | D:3      | Noticed a wizard
  1855 | D:3      | Killed a wizard
  2231 | D:4      | Reached skill level 7 in Spellcasting
  2231 | D:4      | Reached XP level 5. HP: 18/28 MP: 13/16
  2399 | D:4      | Learned a level 4 spell: Iskenderun's Mystic Blast
  2624 | D:4      | Reached skill level 8 in Spellcasting
  2683 | D:4      | Found Guteg's Magic Scroll Emporium.
  2690 | D:4      | Bought a scroll of teleportation for 30 gold pieces
  2690 | D:4      | Bought a scroll of remove curse for 30 gold pieces
  2788 | D:4      | Found a glowing silver altar of Zin.
  2846 | D:4      | Reached XP level 6. HP: 32/32 MP: 19/19
  3051 | D:5      | Entered Level 5 of the Dungeon
  3161 | D:5      | Found a staircase to the Ecumenical Temple.
  3183 | D:5      | Noticed an ice beast
  3195 | D:5      | Killed an ice beast
  3195 | D:5      | Reached skill level 9 in Spellcasting
  3207 | Temple   | Entered the Ecumenical Temple
  3222 | Temple   | Became a worshipper of Vehumet
  3308 | D:5      | HP: 1/32 [orc priest/divine providence (8)]
  3334 | D:5      | Killed from afar by an orc priest

Skill      XL: |  1  2  3  4  5  6 |
---------------+-------------------+-----
Spellcasting   | 4 5 7 8 9 |  9.4
Dodging        | |  2.4
Stealth        | |  2.4
Conjurations   | |  4.3

Action                   |  1- 3 |  4- 6 || total
-------------------------+-------+-------++-------
Melee: Club              |       |     1 ||     1
       Dagger            |       |     1 ||     1
 Cast: Magic Dart        |    88 |   105 ||   193
       Dazzling Spray    |       |     7 ||     7
       Iskenderun's Myst |       |     3 ||     3
  Eat: Chunk             |       |     7 ||     7
Dodge: Dodged            |     4 |    20 ||    24
